 Dungeon Crawl Stone Soup version 0.24.0-29-g8ce449bc06 (webtiles) character file.

Game seed: 14564082680217562340, levelgen mode: deterministic

394610 Matador8 the Convoker (level 22, -1/187 HPs)
             Began as a Red Draconian Conjurer on Nov 13, 2019.
             Was the Champion of Nemelex Xobeh.
             Killed from afar by a frost giant (44 damage)
             ... with a bolt of cold
             ... on level 3 of the Depths on Nov 14, 2019.
             The game lasted 10:38:02 (79479 turns).

Matador8 the Convoker (Red Draconian Conjurer)     Turns: 79479, Time: 10:38:06

Health: -1/187     AC: 29    Str: 19    XL:     22   Next: 16%
Magic:  28/35      EV: 16    Int: 23    God:    Nemelex Xobeh [******]
Gold:   2976       SH: 22    Dex: 12    Spells: 8/40 levels left

rFire    + . .     SeeInvis .   E - +8 demon trident (elec)
rCold    . . .     Gourm    .   F - +4 shield {AC+3}
rNeg     . . .     Faith    .   (armour unavailable)
rPois    +         Spirit   .   r - +2 hat
rElec    +         Reflect  +   R - +2 cloak {MR+}
rCorr    .         Harm     .   J - +1 pair of gloves
MR       +++..                  Z - +2 pair of boots {run}
Stlth    ++++......             D - amulet of Gerhof {Reflect rElec SH+5}
HPRegen  1.81/turn              e - ring "Taydaok" {MR+ Str+6}
MPRegen  0.24/turn              o - +5 ring of protection

@: regenerating (expiring), quick
A: breathe fire, unfitting armour, hooves 1, horns 1, fire resistance 1, poison
resistance, regeneration 1, cold-blooded, AC +11
}: 2/15 runes: serpentine, barnacled
a: Breathe Fire, Draw Escape, Draw Destruction, Draw Summoning, Draw Stack,
Triple Draw, Deal Four, Stack Five, Renounce Religion


You were on level 3 of the Depths.
You worshipped Nemelex Xobeh.
Nemelex Xobeh was exalted by your worship.
You were hungry.

You visited 9 branches of the dungeon, and saw 42 of its levels.
You also visited: Sewer.

You collected 5030 gold pieces.
You spent 2054 gold pieces at shops.

Inventory:

Hand Weapons
 E - a +8 demon trident of electrocution (weapon)
Missiles
 k - 4 throwing nets (quivered)
 u - 61 silver javelins
Armour
 r - a +2 hat (worn)
 F - a +4 shield of protection (worn)
 J - a +1 pair of gloves (worn)
 R - a +2 cloak of magic resistance (worn)
 Z - a +2 pair of boots of running (worn)
Magical Staves
 S - an uncursed staff of power
Jewellery
 e - the ring "Taydaok" (left hand) {MR+ Str+6}
   (You acquired it on level 14 of the Dungeon)

   [ring of strength]

   It affects your strength (+6).
   It affects your resistance to hostile enchantments.
 o - a +5 ring of protection (right hand)
 D - the amulet of Gerhof (around neck) {Reflect rElec SH+5}
   (You took it off a centaur warrior on level 1 of the Depths)

   [amulet of reflection]

   It shields you and reflects attacks.
   It insulates you from electricity.
   It affects your SH (+5).
 G - an uncursed ring of see invisible
 O - an uncursed ring of positive energy
 W - an uncursed ring of resist corrosion
Wands
 n - a wand of disintegration (8)
 V - a wand of clouds (12)
Scrolls
 a - 18 scrolls of teleportation
 j - 2 scrolls of silence
 l - 4 scrolls of holy word
 t - a scroll of magic mapping
 v - 16 scrolls of remove curse
 A - 3 scrolls of fog
 C - 6 scrolls of blinking
 H - 2 scrolls of enchant armour
 N - 4 scrolls of identify
 P - 5 scrolls of fear
 Y - a scroll of summoning
Potions
 c - 3 potions of invisibility
 d - 6 potions of flight
 g - 3 potions of haste
 h - 3 potions of magic
 i - 5 potions of agility
 m - a potion of resistance
 p - 5 potions of cancellation
 x - 8 potions of curing
 z - 3 potions of might
 I - 5 potions of brilliance
 M - 3 potions of berserk rage
 T - 3 potions of ambrosia
Miscellaneous
 q - a box of beasts
 y - a phantom mirror
 K - a phial of floods
 U - a sack of spiders
Comestibles
 b - 36 rations


   Skills:
 - Level 13.4 Fighting
 - Level 14.0 Polearms
 - Level 2.5 Throwing
 - Level 8.6 Dodging
 - Level 9.6 Stealth
 - Level 15.0 Shields
 - Level 9.7 Spellcasting
 - Level 12.0 Conjurations
 - Level 9.0 Hexes
 - Level 9.0 Charms
 - Level 15.8 Summonings
 - Level 4.2 Necromancy
 + Level 12.4 Translocations
 - Level 12.0 Fire Magic
 - Level 10.0 Air Magic
 - Level 12.7 Invocations
 - Level 4.0 Evocations


You had 8 spell levels left.
You knew the following spells:

 Your Spells              Type           Power        Failure   Level  Hunger
a - Magic Dart            Conj           ####         1%          1    None
b - Dazzling Spray        Conj/Hex       ######       1%          3    None
c - Regeneration          Chrm/Necr      #####.....   1%          3    None
d - Swiftness             Chrm/Air       ######..     1%          2    None
e - Conjure Flame         Conj/Fire      ######..     1%          3    None
f - Fulminant Prism       Conj/Hex       ######....   1%          4    ##.....
g - Iskenderun's Battles  Conj/Chrm      ######..     2%          5    ####...
h - Bolt of Fire          Conj/Fire      ######....   6%          6    ######.
i - Summon Lightning Spi  Summ/Air       ######..     1%          4    ##.....
j - Apportation           Tloc           ######       1%          1    None

Your spell library contained the following spells:

 Spells                   Type           Power        Failure   Level  Hunger
 Summon Butterflies       Summ           ######..     0%          1    None
 Animate Skeleton         Necr           N/A          1%          1    None
 Confusing Touch          Hex            ######       1%          1    None
 Corona                   Hex            ######.      1%          1    None
 Infusion                 Chrm           ####         1%          1    None
 Pain                     Necr           ####         1%          1    None
 Shock                    Conj/Air       ####         1%          1    None
 Poisonous Vapours        Pois/Air       ####..       1%          2    None
 Searing Ray              Conj           ######       1%          2    None
 Shroud of Golubria       Chrm/Tloc      ######       1%          2    None
 Slow                     Hex            ######..     1%          2    None
 Song of Slaying          Chrm           ######..     1%          2    None
 Confuse                  Hex            ######..     1%          3    None
 Gell's Gravitas          Tloc           ######....   1%          3    None
 Inner Flame              Hex/Fire       ######..     1%          3    None
 Lesser Beckoning         Tloc           ######....   1%          3    None
 Mephitic Cloud           Conj/Pois/Air  #####...     1%          3    None
 Portal Projectile        Hex/Tloc       ######       1%          3    None
 Spectral Weapon          Hex/Chrm       ######..     1%          3    None
 Static Discharge         Conj/Air       ######..     1%          3    None
 Tukima's Dance           Hex            ######..     1%          3    None
 Airstrike                Air            ######....   1%          4    ##.....
 Cause Fear               Hex            ######....   1%          4    ##.....
 Force Lance              Conj/Tloc      ######..     1%          4    ##.....
 Iskenderun's Mystic Bla  Conj           ######..     1%          4    ##.....
 Passage of Golubria      Tloc           N/A          1%          4    ##.....
 Fireball                 Conj/Fire      ######....   1%          5    ####...
 Lightning Bolt           Conj/Air       ######....   1%          5    ####...
 Ignite Poison            Fire/Tmut/Pois ####....     3%          3    None
 Vampiric Draining        Necr           ####......   3%          3    None
 Silence                  Hex/Air        ######....   3%          5    ####...
 Beastly Appendage        Tmut           ##....       6%          1    None
 Bolt of Magma            Conj/Fire/Erth #####.....   6%          5    ####...
 Monstrous Menagerie      Summ           ######....   8%          7    #######
 Summon Greater Demon     Summ           ######....   8%          7    #######
 Passwall                 Tmut/Erth      ##......     9%          2    None
 Sticks to Snakes         Tmut           ##......     9%          2    None
 Leda's Liquefaction      Hex/Erth       ####......   9%          4    ##.....
 Conjure Ball Lightning   Conj/Air       ######....   10%         6    ######.
 Animate Dead             Necr           N/A          11%         4    ##.....
 Irradiate                Conj/Tmut      #####.....   14%         5    ####...
 Malign Gateway           Summ/Tloc      ######....   14%         7    #######
 Spider Form              Tmut/Pois      ##........   17%         3    None
 Deflect Missiles         Chrm/Air       ######....   19%         6    ######.
 Darkness                 Hex            ######....   22%         6    ######.
 Invisibility             Hex            ######..     22%         6    ######.
 Metabolic Englaciation   Hex/Ice        ####......   26%         5    ####...
 Yara's Violent Unravell  Hex/Tmut       ####......   26%         5    ####...
 Freezing Cloud           Conj/Ice/Air   #####.....   41%         6    ######.
 Ice Form                 Ice/Tmut       ##......     50%         4    ##.....
 Petrify                  Tmut/Erth      ##......     50%         4    ##.....
 Summon Horrible Things   Summ           ######....   50%         8    #######
 Ring of Flames           Chrm/Fire      ######....   54%         7    #######
 Bolt of Cold             Conj/Ice       #####.....   58%         6    ######.
 Iron Shot                Conj/Erth      #####.....   58%         6    ######.
 Alistair's Intoxication  Tmut/Pois      ##......     85%         5    ####...
 Blade Hands              Tmut           ##........   85%         5    ####...
 Lee's Rapid Deconstruct  Erth           ##........   85%         5    ####...
 Ignition                 Fire           ######....   95%         8    #######
 Simulacrum               Ice/Necr       ###.......   98%         6    ######.
 Hydra Form               Tmut           ##........   100%        6    ######.
 Ozocubu's Refrigeration  Ice            ##........   100%        6    ######.
 Statue Form              Tmut/Erth      ##.......    100%        6    ######.
 Dragon Form              Tmut           ##........   100%        7    #######
 Discord                  Hex            ######....   100%        8    #######
 Shatter                  Erth           ##........   100%        9    #######
 Tornado                  Air            ######....   100%        9    #######


Dungeon Overview and Level Annotations

Branches:
Dungeon (15/15)            Temple (1/1) D:6            Lair (6/6) D:10
 Shoals (4/4) Lair:2        Snake (4/4) Lair:2        Slime (0/5) Lair:5
    Orc (2/2) D:9             Elf (3/3) Orc:2        Vaults (4/5) D:14
  Crypt (0/3) Vaults:3     Depths (2/5) D:15          Sewer (visited)

Altars:
Ashenzari
Cheibriados
Dithmenos
Elyvilon
Fedhas
Gozag
Hepliaklqana
Kikubaaqudgha
Makhleb
Nemelex Xobeh
Okawaru
Qazlal
Ru
Sif Muna
Trog
Uskayaw
Vehumet
Wu Jian
Xom
Yredelemnul
Zin
The Shining One
Beogh
Jiyva

Shops:
D:12 [   D:13 !   Orc:2 =*[([   Elf:2 (   Snake:4 =*   Vaults:3 ([[=

Portals:
Hell: Depths:1
Abyss: Depths:1
Trove: D:11 (give 8 potions of agility)

Annotations:
D:4 Pikel; TrebMcFLY's ghost, amateur MiFi
Shoals:3 2 transporters
Shoals:4 3 runed translucent doors, exclusion: obsidian statue, Flugslaktarn's ghost, adept DDFi
Snake:3 2 transporters
Elf:2 3 runed translucent doors, exclusion: door
Elf:3 exclusion: door
Depths:1 1 runed translucent door, Gucom's ghost, veteran GnFi


Innate Abilities, Weirdness & Mutations

You can breathe blasts of fire.
Your fiery red scales are hard. (AC +11)
You cannot fit into any form of body armour.
Your flesh is heat resistant. (rF+)
You are cold-blooded and may be slowed by cold attacks.
You have large cloven feet.
You have a pair of small horns on your head.
Your system is resistant to poisons. (rPois)
Your natural rate of healing is unusually fast.


Message History

The bolt of cold hits you!!
* * * LOW HITPOINT WARNING * * *
Your killer bee stings the glowing orange brain.
The glowing orange brain looks as sick as possible!
Your killer bee poisons the glowing orange brain!
Found 16 stones and a chain mail.
Casting: Regeneration (safe; 1% risk of failure)
Confirm with . or Enter, or press ? or * to list all spells.
Aiming: Bolt of Fire (slightly dangerous; 6% risk of failure)
Press: ? - help, Shift-Dir - straight line, f - frost giant, p - glowing orange brain
Aim: a frost giant, wielding a +0 battleaxe of freezing (heavily wounded, poisoned)
The bolt of fire hits the frost giant!
The frost giant is severely wounded.
You are feeling hungry.
Your killer bee stings the glowing orange brain!
The glowing orange brain dies!
The frost giant points at you and mumbles some strange words.
The bolt of cold hits you!!!
You die...
Your body glows with a rainbow of weird colours and disappears.

##. ..
#..##. ..
##..... [..
#$..... #...
#!....#
(....
#.y.C##.....
#.y)ยง[...#
#y.^...k##.
#..@.......
###......##
###$(### ###


You could see a frost giant, a friendly wind drake and 3 friendly killer bees.

Vanquished Creatures
  A golden dragon (Depths:1)
  Jorgrun (Shoals:1)
  A lich (Depths:1)
  A deep elf blademaster (Elf:3)
  3 tentacled monstrosities
  3 deep elf master archers (Elf:3)
  Polyphemus (Shoals:4)
  2 tengu reavers
  A storm dragon (Vaults:4)
  10 nagarajas
  An azure jelly (Snake:4)
  7 deep elf sorcerers (Elf:3)
  2 fire giants
  A revenant (Vaults:3)
  Ilsuiw (Shoals:4)
  3 frost giants
  4 vault wardens
  10 deep elf elementalists
  9 ironheart preservers
  A ghoul (Vaults:3)
  6 very ugly things
  11 stone giants
  2 deep elf demonologists (Elf:3)
  9 deep elf annihilators
  A spark wasp (Depths:1)
  Snorg (D:13)
  2 ettins
  6 deep elf death magi
  Josephine (Orc:2)
  7 deep elf high priests (Elf:3)
  5 merfolk impalers
  7 fire dragons
  4 yaktaur captains
  2 rakshasas (Depths:1)
  11 ogre magi
  5 great orbs of eyes
  4 ice dragons
  9 vault guards
  4 hydras
  A hydra (shapeshifter) (Depths:1)
  2 alligator snapping turtles
  7 naga warriors
  11 anacondas
  3 merfolk aquamancers
  2 catoblepae
  A spriggan air mage (Depths:1)
  A death knight (Vaults:1)
  6 centaur warriors
  2 merfolk avatars (Shoals:3)
  9 deep troll shamans
  Erica (Lair:2)
  4 tengu warriors
  42 two-headed ogres
  2 deep troll earth magi
  13 dancing weapons
  6 naga sharpshooters
  2 vampire magi
  3 death yaks (Shoals:4)
  4 orc high priests
  Urug (Lair:1)
  6 shock serpents
  3 spriggan berserkers (Depths:1)
  22 deep elf knights
  4 salamander mystics
  2 iron trolls (Depths:1)
  16 skeletal warriors
  11 hell knights
  2 wizards
  A flayed ghost (Depths:1)
  13 deep elf archers
  21 sea snakes
  11 deep trolls
  4 unseen horrors
  2 phantasmal warriors
  A swamp dragon (Lair:6)
  A lindwurm (shapeshifter) (Vaults:3)
  2 naga ritualists
  A glowing orange brain (Depths:1)
  49 deep elf magi
  6 orc knights
  An oklob plant (Snake:2)
  4 necromancers
  5 mana vipers
  12 harpies
  9 manticores
  A fire giant zombie (D:15)
  2 wolf spiders
  15 ironbrand convokers
  3 fauns
  7 orc sorcerers
  26 ugly things
  9 salamanders
  An elf zombie (D:15)
  A moth of wrath (shapeshifter) (Depths:1)
  6 cyclopes
  A guardian serpent (shapeshifter) (Depths:2)
  6 merfolk sirens
  12 elephants
  18 naga magi
  A stone giant skeleton (Depths:2)
  23 black mambas
  5 guardian serpents
  10 vault sentinels
  3 gargoyles
  A torpor snail (Lair:3)
  3 water nymphs
  11 spiny frogs
  The ghost of Daviar the Skirmisher, a novice OpHu of Okawaru (D:6)
  5 freezing wraiths
  13 yaktaurs
  A spriggan zombie (Depths:2)
  4 rime drakes
  An efreet (D:14)
  A rime drake (shapeshifter) (Vaults:3)
  11 komodo dragons
  A troll (shapeshifter) (Depths:1)
  A spriggan skeleton (Depths:2)
  A polar bear (Lair:5)
  22 merfolk
  A troll (D:13)
  A hornet (shapeshifter) (Vaults:1)
  A wind drake (shapeshifter) (Depths:1)
  A jumping spider (shapeshifter) (Elf:2)
  A meliai (shapeshifter) (D:15)
  5 hornets
  A polar bear (shapeshifter) (Vaults:4)
  3 wind drakes
  12 blink frogs
  An ice dragon zombie (D:15)
  6 snapping turtles
  A deep troll zombie (D:15)
  A fire giant simulacrum (Vaults:2)
  13 dream sheep
  27 slime creatures
  12 hippogriffs
  Sigmund (D:5)
  A centaur simulacrum (D:14)
  20 water elementals
  2 air elementals (Elf:1)
  2 redbacks (Vaults:3)
  3 spriggans
  A yak (shapeshifter) (D:14)
  5 fire elementals
  2 wraiths (Orc:1)
  A shadow (Vaults:3)
  3 wyverns
  2 hogs (shapeshifter)
  59 yaks
  2 basilisks
  A basilisk (shapeshifter) (Vaults:1)
  2 steam dragons
  5 vampire mosquitoes
  Menkaure (D:7)
  9 wargs
  A soldier ant (D:15)
  57 nagas
  17 water moccasins
  Duvessa (D:7)
  3 acid dragons
  5 porcupines
  5 black bears
  3 ice beasts
  2 phantoms
  4 sky beasts
  An eye of draining (D:11)
  3 swamp drakes (Lair:6)
  3 slaves (D:5)
  An ettin simulacrum (Vaults:3)
  A necrophage (D:8)
  46 orc warriors
  10 boggarts
  5 wolves (Lair:1)
  34 ogres
  25 centaurs
  A crocodile (shapeshifter) (Depths:1)
  13 crocodiles
  4 big kobolds
  19 bullfrogs
  2 gnoll sergeants
  Dowan (D:7)
  4 earth elementals
  2 scorpions
  7 killer bees
  An orc simulacrum (Vaults:2)
  12 wights
  2 howler monkeys
  3 electric eels
  4 bullfrog zombies
  3 crimson imps
  2 yaktaur simulacra (Vaults:1)
  6 centaur zombies
  6 centaur skeletons
  4 jellies
  29 orc priests
  7 hounds
  Crazy Yiuf (D:6)
  28 orc wizards
  A bullfrog skeleton (D:12)
  2 iguanas
  6 worker ants
  A killer bee zombie (D:9)
  A hound zombie (D:7)
  2 hound skeletons
  13 gnolls
  18 adders
  An adder (shapeshifter) (Depths:1)
  A howler monkey skeleton (D:10)
  2 shadow imps
  2 white imps (Vaults:3)
  An adder skeleton (D:7)
  3 worms
  6 dart slugs
  7 leopard geckos
  104 orcs
  4 bats
  4 giant cockroaches
  11 goblins
  4 hobgoblins
  35 jackals
  6 quokkas
  7 ball pythons
  9 frilled lizards
  A jackal skeleton (D:7)
  A jackal zombie (D:8)
  35 kobolds
  A quokka skeleton (D:4)
  A quokka zombie (D:7)
  6 rats
  2 crawling corpses (Elf:2)
  2 fulminant prisms
  23 plants
  2 withered plants (D:15)
1641 creatures vanquished.

Vanquished Creatures (collateral kills)
  Frederick (Vaults:2)
  Margery (Vaults:2)
  Nikola (Depths:2)
  Donald (Vaults:2)
  A nagaraja (Snake:4)
  2 fire giants
  An emperor scorpion (Vaults:2)
  An orc warlord (Orc:1)
  2 vault wardens (Vaults:2)
  Louise (D:15)
  A ghoul (Vaults:3)
  A caustic shrike skeleton (Depths:3)
  An ironheart preserver (Vaults:2)
  3 stone giants
  3 deep elf demonologists
  A deep elf annihilator (Elf:3)
  The ghost of Iamsoldier the Basher, a journeyman MiBe of Trog (Snake:1)
  A spark wasp (Depths:3)
  4 merfolk javelineers
  An ettin (Depths:2)
  3 merfolk impalers (Shoals:4)
  2 fire dragons (Depths:1)
  3 deep elf death magi (Elf:3)
  A yaktaur captain (Vaults:2)
  7 naga warriors
  A vault guard (Vaults:2)
  2 ogre magi
  A merfolk avatar (Shoals:4)
  2 centaur warriors
  A satyr (Shoals:4)
  5 two-headed ogres
  A merfolk aquamancer (Shoals:4)
  A deep troll earth mage (Depths:1)
  5 naga sharpshooters
  An orc high priest (Orc:2)
  A deep elf knight (Vaults:3)
  A skeletal warrior (D:15)
  A glowing orange brain (Depths:3)
  2 deep trolls
  A harpy (Shoals:4)
  A deep elf archer (Elf:3)
  2 ugly things
  3 cyclopes
  2 mana vipers
  4 deep elf magi
  3 manticores
  2 salamanders
  A faun (Shoals:4)
  A shining eye (Snake:4)
  2 merfolk sirens (Shoals:4)
  A black mamba (Snake:1)
  3 guardian serpents
  11 naga magi
  A water nymph (Shoals:4)
  A spiny frog (Lair:1)
  A komodo dragon (Lair:6)
  7 yaktaurs
  2 freezing wraiths (Vaults:3)
  2 wind drakes (Shoals:4)
  4 merfolk
  A troll (Orc:1)
  A hornet (shapeshifter) (Depths:1)
  A blink frog (Lair:1)
  A snapping turtle (Shoals:4)
  A stone giant simulacrum (Vaults:2)
  A redback (Vaults:3)
  A water elemental (Shoals:2)
  A wraith (Orc:1)
  A basilisk (D:15)
  An acid dragon (Lair:6)
  14 nagas
  6 ogres
  A wolf (Lair:1)
  3 centaurs
  A killer bee (D:11)
  An orc priest (Orc:1)
  5 orcs
166 creatures vanquished.

Vanquished Creatures (others)
  2 stone giants
  A very ugly thing (Depths:3)
  A merfolk aquamancer (Shoals:4)
  3 deep elf knights
  4 deep elf archers
  3 deep elf magi
  A salamander (Snake:1)
  A blink frog (Lair:1)
  A hippogriff (D:11)
  A shadow (D:11)
  An orc warrior (Orc:2)
  4 centaurs (Shoals:4)
  A killer bee (D:12)
  3 orc priests (Orc:2)
  4 orcs (Orc:2)
  3 bushes
  62 fulminant prisms
  21 fungi
  18 plants
  5 tentacles (Shoals:3)
  A withered plant (D:15)
141 creatures vanquished.

Grand Total: 1948 creatures vanquished

Notes
Turn   | Place    | Note
-------+----------+-------------------------------------------
     0 | D:1      | Matador8 the Draconian Conjurer began the quest for the
                  | Orb.
     0 | D:1      | Reached XP level 1. HP: 14/14 MP: 3/3
   221 | D:1      | Reached XP level 2. HP: 12/20 MP: 0/5
   960 | D:1      | Reached XP level 3. HP: 26/26 MP: 4/7
  1343 | D:2      | Learned a level 3 spell: Dazzling Spray
  1568 | D:2      | Reached skill level 1 in Hexes
  1568 | D:2      | Reached XP level 4. HP: 21/33 MP: 0/9
  2197 | D:2      | Reached XP level 5. HP: 38/38 MP: 2/10
  2798 | D:3      | Found a glowing drain.
  2847 | Sewer    | Entered a sewer
  4505 | D:4      | Reached XP level 6. HP: 45/45 MP: 5/12
  4889 | D:3      | Reached skill level 5 in Conjurations
  5095 | D:4      | Found a runed translucent door.
  5095 | D:4      | Noticed TrebMcFLY's ghost (amateur MiFi)
  5314 | D:4      | Your scales start taking on a fiery red colour.
  5314 | D:4      | Reached XP level 7. HP: 50/50 MP: 6/13
  5314 | D:4      | Gained mutation: Your flesh is heat resistant. (rF+) [Red
                  | Draconian growth]
  6844 | D:4      | Found an iron altar of Okawaru.
  6904 | D:5      | Entered Level 5 of the Dungeon
  7160 | D:5      | Reached skill level 5 in Spellcasting
  7277 | D:5      | Noticed Pikel
  7387 | D:5      | Learned a level 4 spell: Iskenderun's Mystic Blast
  7753 | D:5      | Noticed Sigmund
  7779 | D:5      | Reached XP level 8. HP: 52/57 MP: 7/15
  8280 | D:6      | Found a runed translucent door.
  8281 | D:6      | Noticed Crazy Yiuf
  8288 | D:6      | Killed Crazy Yiuf
  8418 | D:6      | Found a staircase to the Ecumenical Temple.
  8428 | Temple   | Entered the Ecumenical Temple
  8480 | Temple   | Became a worshipper of Nemelex Xobeh the Trickster
  8509 | D:6      | Received a gift from Nemelex Xobeh
  8699 | D:6      | Found a runed translucent gate.
  8700 | D:6      | Found a runed translucent gate.
  8700 | D:6      | Found a runed translucent gate.
  8702 | D:6      | Noticed Daviar's ghost (novice OpHu)
  9424 | D:6      | Killed Daviar's ghost
  9424 | D:6      | Reached skill level 1 in Invocations
  9639 | D:5      | Killed Sigmund
 10037 | D:7      | Received a gift from Nemelex Xobeh
 10287 | D:7      | Noticed Duvessa
 10288 | D:7      | Noticed Dowan
 10450 | D:7      | Learned a level 2 spell: Swiftness
 10695 | D:7      | Reached skill level 1 in Charms
 10695 | D:7      | Reached skill level 1 in Air Magic
 10695 | D:7      | Reached XP level 9. HP: 36/68 MP: 0/18
 11309 | D:7      | Found an iron altar of Okawaru.
 11350 | D:7      | Reached * piety under Nemelex Xobeh
 11499 | D:7      | Killed Duvessa
 11943 | D:7      | Killed Dowan
 11943 | D:7      | Reached skill level 5 in Invocations
 12032 | D:7      | Noticed Menkaure
 12138 | D:7      | Killed Menkaure
 12586 | D:8      | Reached skill level 5 in Fighting
 12853 | D:7      | Paralysed by a hornet for 2 turns
 13345 | D:8      | Received a gift from Nemelex Xobeh
 13486 | D:8      | Reached XP level 10. HP: 83/83 MP: 8/19
 13587 | D:7      | Reached skill level 5 in Hexes
 14672 | D:9      | Reached ** piety under Nemelex Xobeh
 14909 | D:9      | Found a staircase to the Orcish Mines.
 15535 | D:9      | You fall into a shaft and drop 3 floors!
 15698 | D:11     | Noticed a cyclops
 15718 | D:11     | Noticed a six-headed hydra
 15726 | D:11     | Killed a six-headed hydra
 15951 | D:10     | Entered Level 10 of the Dungeon
 15951 | D:10     | Found a staircase to the Lair.
 16008 | D:11     | Reached skill level 5 in Dodging
 16249 | D:10     | Received a gift from Nemelex Xobeh
 16386 | D:10     | Learned a level 3 spell: Conjure Flame
 16615 | D:10     | Reached *** piety under Nemelex Xobeh
 16822 | D:10     | Found a glowing silver altar of Zin.
 17299 | D:10     | Received a gift from Nemelex Xobeh
 17371 | Lair:1   | Entered Level 1 of the Lair of Beasts
 17371 | Lair:1   | Noticed Urug
 17458 | D:11     | Reached skill level 1 in Fire Magic
 17660 | D:11     | Reached XP level 11. HP: 71/89 MP: 11/20
 17906 | D:11     | Reached skill level 1 in Polearms
 18494 | D:11     | Reached skill level 5 in Fire Magic
 18965 | D:11     | Found a portal to a secret trove of treasure.
 19191 | D:11     | Reached skill level 5 in Polearms
 19340 | D:11     | Noticed a centaur warrior
 19357 | D:11     | Killed a centaur warrior
 20036 | Lair:1   | Killed Urug
 20056 | Lair:1   | Received a gift from Nemelex Xobeh
 20286 | Lair:1   | Reached skill level 10 in Polearms
 21115 | Lair:1   | Reached XP level 12. HP: 97/97 MP: 18/21
 21251 | Lair:1   | Reached **** piety under Nemelex Xobeh
 21750 | Lair:2   | Received a gift from Nemelex Xobeh
 21917 | Lair:2   | Noticed Erica
 22507 | Lair:2   | Found a staircase to the Shoals.
 22681 | Lair:2   | Found a staircase to the Snake Pit.
 23037 | Lair:2   | Killed Erica
 23459 | Lair:3   | Received a gift from Nemelex Xobeh
 23636 | Lair:3   | Reached ***** piety under Nemelex Xobeh
 23959 | Lair:3   | Received a gift from Nemelex Xobeh
 24659 | Lair:4   | Received a gift from Nemelex Xobeh
 24932 | Lair:4   | Reached skill level 10 in Fighting
 24944 | Lair:4   | Learned a level 4 spell: Fulminant Prism
 24949 | Lair:4   | Learned a level 4 spell: Force Lance
 25001 | Lair:4   | Reached XP level 13. HP: 41/113 MP: 15/22
 25628 | Lair:5   | Received a gift from Nemelex Xobeh
 25647 | Lair:5   | Reached skill level 10 in Conjurations
 25773 | Lair:5   | Found a viscous altar of Jiyva.
 25773 | Lair:5   | Found a staircase to the Slime Pits.
 26642 | Lair:5   | Received a gift from Nemelex Xobeh
 26876 | Lair:6   | Entered Level 6 of the Lair of Beasts
 27288 | Lair:6   | Received a gift from Nemelex Xobeh
 28051 | Lair:6   | Noticed a fire dragon
 28060 | Lair:6   | Killed a fire dragon
 28489 | D:12     | Reached skill level 1 in Evocations
 28688 | D:12     | Reached XP level 14. HP: 121/121 MP: 23/23
 29168 | D:12     | Received a gift from Nemelex Xobeh
 29452 | D:12     | Found Dikh's Antique Armour Shoppe.
 30048 | Orc:1    | Entered Level 1 of the Orcish Mines
 30048 | Orc:1    | Received a gift from Nemelex Xobeh
 30226 | Orc:1    | Paralysed by an orc sorcerer for 6 turns
 30400 | Orc:1    | Found a roughly hewn altar of Beogh.
 31568 | Orc:2    | Entered Level 2 of the Orcish Mines
 31568 | Orc:2    | Noticed Josephine
 31588 | Orc:1    | Identified the -2 hand axe of Vengeance {freeze, Str+3}
 31688 | Orc:2    | Killed Josephine
 32017 | Orc:2    | Received a gift from Nemelex Xobeh
 32116 | Orc:2    | Found a roughly hewn altar of Beogh.
 32171 | Orc:2    | Found Nupah's Antique Armour Emporium.
 32216 | Orc:2    | Found a bloodstained altar of Trog.
 32397 | Orc:2    | Reached ****** piety under Nemelex Xobeh
 32819 | Orc:2    | Gained mutation: You are occasionally teleported next to
                  | monsters. [a neqoxec]
 33687 | Orc:2    | Found a staircase to the Elven Halls.
 33832 | Orc:2    | Reached skill level 1 in Translocations
 33838 | Orc:2    | Noticed an orc warlord
 33888 | Orc:1    | Killed an orc warlord
 34158 | Orc:2    | Found Mypn's General Store.
 34158 | Orc:2    | Found Opun's Jewellery Shop.
 34189 | Orc:2    | Found Niklij's Antique Armour Boutique.
 34189 | Orc:2    | Found Mubbyask's Antique Weapon Boutique.
 34869 | D:13     | Noticed Snorg
 34929 | D:13     | Killed Snorg
 34978 | D:13     | Reached skill level 5 in Translocations
 35650 | D:13     | Received a gift from Nemelex Xobeh
 36028 | D:13     | Found Wakkog's Distillery.
 36032 | D:13     | Bought a potion of curing for 39 gold pieces
 36032 | D:13     | Bought a potion of heal wounds for 65 gold pieces
 36032 | D:13     | Bought a potion of mutation for 104 gold pieces
 36032 | D:13     | Bought a potion of curing for 39 gold pieces
 36032 | D:13     | Bought a potion of heal wounds for 65 gold pieces
 36032 | D:13     | Lost mutation: You are occasionally teleported next to
                  | monsters. [potion of mutation]
 36032 | D:13     | Gained mutation: Your natural rate of healing is unusually
                  | fast. [potion of mutation]
 36032 | D:13     | Gained mutation: Your system is resistant to poisons.
                  | (rPois) [potion of mutation]
 36032 | D:13     | Gained mutation: You have large cloven feet. [potion of
                  | mutation]
 36032 | D:13     | Gained mutation: You have a pair of small horns on your
                  | head. [potion of mutation]
 36089 | D:13     | Reached XP level 15. HP: 102/126 MP: 28/28
 36356 | D:14     | Received a gift from Nemelex Xobeh
 37770 | D:14     | Found a gate to the Vaults.
 37925 | D:15     | Entered Level 15 of the Dungeon
 38083 | Snake:1  | Entered Level 1 of the Snake Pit
 38205 | Snake:1  | Received a gift from Nemelex Xobeh
 38363 | Snake:1  | Reached skill level 5 in Stealth
 39202 | Snake:1  | Received a gift from Nemelex Xobeh
 39228 | Snake:1  | Learned a level 3 spell: Mephitic Cloud
 39233 | Snake:1  | Learned a level 4 spell: Summon Lightning Spire
 39335 | Snake:1  | Found a runed translucent gate.
 39336 | Snake:1  | Found a runed translucent gate.
 39336 | Snake:1  | Noticed Iamsoldier's ghost (journeyman MiBe)
 39337 | Snake:1  | Found a runed translucent gate.
 39574 | Snake:2  | Noticed a nagaraja
 39666 | Snake:2  | Found an iron altar of Okawaru.
 39868 | Snake:1  | Reached skill level 5 in Air Magic
 40109 | Snake:2  | Reached skill level 1 in Summonings
 40344 | Snake:2  | Received a gift from Nemelex Xobeh
 40425 | Snake:2  | Identified the amulet "Jogim" {Gourm rF- Dex+4}
 40695 | Snake:2  | Noticed a nagaraja
 40713 | Snake:2  | Killed a nagaraja
 40752 | Snake:2  | Killed a nagaraja
 41685 | Snake:2  | Noticed a nagaraja
 41718 | Snake:2  | Killed a nagaraja
 42129 | Snake:3  | Reached skill level 5 in Summonings
 42133 | Snake:3  | Found a transporter.
 42704 | Snake:3  | Reached XP level 16. HP: 133/135 MP: 15/29
 43123 | Snake:3  | Received a gift from Nemelex Xobeh
 43149 | Snake:3  | Found a shimmering altar of Xom.
 43914 | Snake:3  | Found a transporter.
 43958 | Snake:3  | Received a gift from Nemelex Xobeh
 44357 | Snake:4  | Entered Level 4 of the Snake Pit
 44423 | Snake:4  | Found Eaoxkiju's Eclectic Emporium.
 44563 | Snake:3  | HP: 1/135 [naga warrior/+0 long sword (23)]
 44936 | Snake:4  | Bought a scroll of enchant armour for 127 gold pieces
 45188 | Snake:4  | Received a gift from Nemelex Xobeh
 46307 | Snake:4  | Reached skill level 10 in Air Magic
 46322 | Snake:4  | Found Zelesav's Jewellery Emporium.
 47463 | Snake:4  | Reached skill level 10 in Summonings
 48257 | Snake:4  | Received a gift from Nemelex Xobeh
 48804 | Snake:4  | Got a serpentine rune of Zot
 49132 | Snake:1  | Reached XP level 17. HP: 54/147 MP: 19/30
 49150 | Snake:1  | Reached skill level 1 in Shields
 49158 | Snake:1  | Killed Iamsoldier's ghost
 49356 | D:13     | Bought a potion of agility for 52 gold pieces
 49356 | D:13     | Bought 2 potions of haste for 260 gold pieces
 49356 | D:13     | Bought a potion of cancellation for 104 gold pieces
 49356 | D:13     | Bought a potion of invisibility for 104 gold pieces
 49850 | D:15     | Found a staircase to the Depths.
 50477 | D:15     | Received a gift from Nemelex Xobeh
 50485 | D:15     | Reached skill level 5 in Shields
 50731 | D:15     | Noticed Louise
 50761 | D:15     | Killed Louise
 51105 | Vaults:1 | Entered Level 1 of the Vaults
 51262 | Vaults:1 | Received a gift from Nemelex Xobeh
 52288 | Vaults:1 | Received a gift from Nemelex Xobeh
 52452 | Vaults:1 | Reached skill level 10 in Shields
 53812 | Vaults:2 | Reached XP level 18. HP: 155/155 MP: 26/31
 53993 | Vaults:2 | Received a gift from Nemelex Xobeh
 54041 | Vaults:2 | Noticed Frederick
 54060 | Vaults:2 | Killed Frederick
 54465 | Vaults:2 | Noticed a tentacled monstrosity
 55237 | Vaults:2 | Killed a tentacled monstrosity
 55435 | Vaults:2 | Noticed Margery
 55461 | Vaults:2 | Killed Margery
 55578 | Vaults:2 | Noticed Donald
 55588 | Vaults:2 | Killed Donald
 55675 | Vaults:2 | Received a gift from Nemelex Xobeh
 55841 | Vaults:3 | Found a staircase to the Crypt.
 56211 | Vaults:3 | Found Reegan's Jewellery Shoppe.
 56211 | Vaults:3 | Found Ozximet's Antique Armour Shoppe.
 56214 | Vaults:3 | Bought an uncursed ring of see invisible for 225 gold
                  | pieces
 56220 | Vaults:3 | Bought an embroidered cloak for 285 gold pieces
 56618 | Vaults:3 | Reached skill level 15 in Shields
 56929 | Vaults:3 | Found Deffeb's Armour Emporium.
 56929 | Vaults:3 | Found Hakhucej's Antique Weapon Boutique.
 57209 | Vaults:3 | Received a gift from Nemelex Xobeh
 57698 | Vaults:3 | Reached skill level 10 in Invocations
 58084 | Vaults:3 | Received a gift from Nemelex Xobeh
 58460 | Vaults:3 | Received a gift from Nemelex Xobeh
 59034 | Vaults:4 | Reached XP level 19. HP: 161/161 MP: 28/32
 59820 | Vaults:4 | Received a gift from Nemelex Xobeh
 60174 | Vaults:4 | Received a gift from Nemelex Xobeh
 60985 | Vaults:4 | Learned a level 6 spell: Bolt of Fire
 61331 | Shoals:1 | Entered Level 1 of the Shoals
 61331 | Shoals:1 | Noticed Jorgrun
 61339 | Shoals:1 | Killed Jorgrun
 61407 | Shoals:1 | Received a gift from Nemelex Xobeh
 62758 | Shoals:2 | Received a gift from Nemelex Xobeh
 63049 | Shoals:3 | Received a gift from Nemelex Xobeh
 63192 | Shoals:3 | Found a transporter.
 63243 | Shoals:3 | Found a frozen archway.
 63653 | Shoals:3 | Reached skill level 10 in Fire Magic
 63865 | Shoals:3 | Found a transporter.
 64196 | Shoals:3 | Received a gift from Nemelex Xobeh
 64271 | Shoals:4 | Entered Level 4 of the Shoals
 64271 | Shoals:4 | Noticed Ilsuiw
 64376 | Shoals:4 | Found a runed translucent gate.
 64376 | Shoals:4 | Found a runed translucent gate.
 64376 | Shoals:4 | Found a runed translucent gate.
 64376 | Shoals:4 | Found an opulent altar of Gozag.
 64377 | Shoals:4 | Noticed Flugslaktarn's ghost (adept DDFi)
 64962 | Shoals:4 | Received a gift from Nemelex Xobeh
 65572 | Shoals:4 | Received a gift from Nemelex Xobeh
 65855 | Shoals:4 | Killed Ilsuiw
 65902 | Shoals:4 | Noticed Polyphemus
 65910 | Shoals:4 | Killed Polyphemus
 66365 | Shoals:4 | Found a white marble altar of Elyvilon.
 66530 | Shoals:4 | Got a barnacled rune of Zot
 66963 | Vaults:3 | Bought an uncursed ring of protection from magic for 375
                  | gold pieces
 67447 | Orc:2    | Bought a ration for 70 gold pieces
 67447 | Orc:2    | Bought a ration for 70 gold pieces
 67447 | Orc:2    | Bought a ration for 70 gold pieces
 67478 | Orc:2    | Learned a level 3 spell: Regeneration
 67480 | Elf:1    | Entered Level 1 of the Elven Halls
 67704 | Elf:1    | Reached skill level 1 in Throwing
 67737 | Elf:1    | Received a gift from Nemelex Xobeh
 67742 | Elf:1    | Reached skill level 1 in Necromancy
 68058 | Elf:1    | Reached XP level 20. HP: 172/172 MP: 31/33
 68244 | Elf:1    | Identified Melek's Volume of Battle Magic
 69136 | Elf:2    | Reached skill level 5 in Charms
 69141 | Elf:2    | Found a runed translucent gate.
 69141 | Elf:2    | Found a runed translucent gate.
 69141 | Elf:2    | Found a runed translucent gate.
 69750 | Elf:2    | Found Byir's Antique Weapon Emporium.
 69860 | Elf:3    | Entered Level 3 of the Elven Halls
 69916 | Elf:3    | Learned a level 5 spell: Iskenderun's Battlesphere
 70721 | Elf:3    | Received a gift from Nemelex Xobeh
 72955 | Elf:3    | Reached XP level 21. HP: 171/179 MP: 34/34
 73632 | D:14     | Learned a level 1 spell: Apportation
 73696 | D:14     | Identified a scroll of acquirement
 73706 | D:14     | Got a pitted granite ring
 73708 | D:14     | Identified the ring "Taydaok" {MR+ Str+6} (You acquired it
                  | on level 14 of the Dungeon)
 73764 | Depths:1 | Entered Level 1 of the Depths
 73866 | Depths:1 | Received a gift from Nemelex Xobeh
 74167 | Depths:1 | Found a gateway to Hell.
 74292 | Depths:1 | Found a one-way gate to the infinite horrors of the Abyss.
 74660 | Depths:1 | Received a gift from Nemelex Xobeh
 74830 | Depths:1 | Found a runed translucent door.
 74831 | Depths:1 | Noticed Gucom's ghost (veteran GnFi)
 74970 | Depths:1 | Reached skill level 15 in Summonings
 75169 | Depths:1 | Noticed a golden dragon
 75862 | Depths:1 | Identified the cursed +1 fire dragon scales of Monotheism
                  | {rElec rF++ rC- Dex+5}
 75862 | Depths:1 | Identified the amulet of Gerhof {Reflect rElec SH+5}
 76541 | Depths:1 | Identified a +2 pair of boots of running (You found it on
                  | level 1 of the Depths)
 77162 | Depths:1 | Killed a golden dragon
 77162 | Depths:1 | Reached skill level 10 in Translocations
 78500 | Depths:1 | Reached XP level 22. HP: 133/187 MP: 35/35
 78760 | Depths:2 | Noticed Nikola
 78967 | Depths:2 | Killed Nikola
 79363 | Depths:2 | Received a gift from Nemelex Xobeh
 79451 | Depths:2 | You fall into a shaft and drop 1 floor!
 79479 | Depths:3 | Killed from afar by a frost giant

Levels and vault maps discovered:
D:1:      mushboom_english_gardens, layout_basic
D:2:      layout_basic
D:3:      layout_basic, serial_glass, glass_columns_a, glass_columns_a,
          portal_sewer_entry_d, st_stairs_7
D:4:      layout_rooms, hellmonk_ghost_happy_afterlife,
          kennysheep_okawaru_gauntlet
D:5:      layout_rooms, first_ration, uniq_sigmund, uniq_pikel
D:6:      layout_loops_ring, minmay_temple_entry_gardened_gates,
          ebering_ghost_rock_garden, uniq_crazy_yiuf_cottage
D:7:      layout_cave_pools, nicolae_overflow_hidden_temple, the_bakery,
          uniq_menkaure, uniq_duvessa
D:8:      layout_rooms, minmay_increasing_density
D:9:      layout_small_grid, david_orc_1_choice
D:10:     layout_long_grid, due_lair_maze_entry_diamond, basic_altar
D:11:     layout_basic, enter_trove_1, lemuel_old_faithful
D:12:     layout_cave_pools, special_room [special_room_orc], serial_shops,
          nicolae_shop_stone
D:13:     layout_basic, serial_shops, shop, uniq_snorg
D:14:     layout_cave_pools, david_vaults_2, hangedman_decor_opposing,
          gauntlet_entry_generic, roderic_roman_lattice
D:15:     gammafunk_depths_entry_grave, layout_irregular_city,
          hangedman_abyss_or_decor_passed, minmay_fractal_squares_diagonal_5,
          uniq_louise
Temple:   nicolae_temple_the_god_donut
Lair:1:   layout_loops_ring, st_stairs_3, uniq_urug
Lair:2:   layout_gridlike, minmay_shoals_entry_hut,
          minmay_snake_entry_six_corridors, uniq_erica
Lair:3:   layout_regular_city, grunt_megastairs_3
Lair:4:   layout_cave_pods
Lair:5:   layout_big_grid, slime_altar_1, chequers_serial_rivers_room_a,
          grunt_megastairs_2
Lair:6:   guppyfry_lair_end_dragon, layout_regular_city, guppyfry_lair_drakes,
          grunt_megastairs_4
Shoals:1: layout_shoals, uniq_jorgrun
Shoals:2: layout_shoals
Shoals:3: gammafunk_its_a_trap, layout_shoals, portal_ice_cave_entry_pillars_2,
          nicolae_shoals_dead_sea_scrolls
Shoals:4: shoals_end_hangedman, layout_shoals, shoal_ilsuiw,
          ebering_ghost_gozag, lemuel_centaur_altar, uniq_polyphemus
Snake:1:  layout_rooms, gammafunk_ghost_split
Snake:2:  layout_honeycomb, lemuel_oklob_altar, lemuel_fruit_tree
Snake:3:  gammafunk_the_bubble [the_bubble_gammafunk_grid], layout_cave_town,
          basic_altar
Snake:4:  grunt_snake_rune_pools, layout_cave_shapes, serial_shops, shop,
          abandoned_shop, nicolae_alphabet_shops
Orc:1:    layout_caves, kennysheep_orc_chapel
Orc:2:    st_orc_congregation, layout_diamond_mine, serial_shops,
          nicolae_shop_window_shopping, basic_altar, bloody_trog, uniq_josephine
Elf:1:    layout_gridlike, minmay_elf_annihilation,
          serial_sigils_hangedman_shear
Elf:2:    layout_geoelf_grid, serial_shops, shop
Elf:3:    nooodl_elf_gasket, layout_geoelf_castle, st_stairs_4,
          serial_sigils_hangedman_leer, kb_rosetta
Vaults:1: ontoclasm_vaults_loading_screen, hangedman_vaults_maws,
          hangedman_vaults_stretched_pinwheel,
          vaults_standard_mumra_enter_the_diamond,
          nicolae_vaults_little_squares_2, grunt_vaults_funnel,
          nicolae_vaults_mini_display_case, layout_vaults_big_cross
Vaults:2: hangedman_vaults_variations, nicolae_vaults_shelves_hall,
          nicolae_vaults_big_ls, ontoclasm_vaults_shuriken,
          nicolae_vaults_back_hallway, vaults_room_glass_cross,
          vaults_dpeg_cross, v_misc_32, vaults_mumra_chevron,
          nicolae_vaults_little_squares_2, ontoclasm_vaults_twist,
          vaults_room_grunt_arrival_ludios, v_misc_24,
          nicolae_vaults_twisting_passages, vaults_room_fours,
          layout_vaults_maze_bifur, uniq_frederick, uniq_margery, uniq_donald
Vaults:3: nicolae_vaults_quadrants, v_misc_30, vaults_room_pools,
          nicolae_vaults_network_periphery, serial_ice_g,
          minmay_crypt_entry_simple_sparse, layout_vaults_quadrants,
          serial_shops, shop, nicolae_shop_stone, shop, nicolae_shop_crystal
Vaults:4: vaults_room_hallway, nicolae_vaults_sealed_display,
          nicolae_vaults_network_quinsquares
          [nicolae_vaults_network_quincunx_subvault,
          nicolae_vaults_network_quincunx_subvault,
          nicolae_vaults_network_quincunx_subvault,
          nicolae_vaults_network_quincunx_subvault], vaults_dpeg_diagonal,
          vaults_room_grunt_arrival_checkpoint, ontoclasm_vaults_loading_screen,
          vaults_room_pool, layout_vaults_chaotic_city
Depths:1: minmay_the_grid_octo_triangle [minmay_the_grid_octo_teeth,
          minmay_the_grid_octo_prize_ultimate_mussel_roller,
          minmay_the_grid_octo_focus], layout_basic, abyss_entry,
          serial_bayou_pond_b, hell_entry, ebering_ghost_reflecting_pool,
          chequers_decorated_corner, minmay_swirly_circle, serial_bayou_shore_b,
          infiniplex_staircase_pool_lava
Depths:2: minmay_sliced_demisemicircle, layout_cross, hangedman_geh_valley,
          hangedman_abyss_or_decor_clamps, evilmike_butchery, uniq_nikola
Depths:3: hangedman_pleasuredromes, hell_entry, pan_entry, abyss_entry,
          uniq_bai_suzhen

Skill      XL: |  1  2  3  4  5  6  7  8  9 10 11 12 13 14 15 16 17 18 19 20 21 22 |
---------------+-------------------------------------------------------------------+-----
Spellcasting   | 3 4 5 6 9 |  9.7
Hexes          | 1 2 3 4 6 7 8 9 |  9.0
Conjurations   | 5 6 7 9 12 | 12.0
Invocations    | 3 7 8 11 12 | 12.7
Fighting       | 2 5 6 10 12 13 | 13.4
Charms         | 1 2 3 9 |  9.0
Air Magic      | 1 3 8 10 | 10.0
Dodging        | 5 8 |  8.6
Fire Magic     | 3 5 12 | 12.0
Polearms       | 12 14 | 14.0
Evocations     | 1 4 |  4.0
Translocations | 6 11 12 | 12.4
Stealth        | 5 9 |  9.6
Summonings     | 5 10 15 | 15.8
Shields        | 11 15 | 15.0
Throwing       | 2 |  2.5
Necromancy     | 2 4 |  4.2

Action                   |  1- 3 |  4- 6 |  7- 9 | 10-12 | 13-15 | 16-18 | 19-21 | 22-24 || total
-------------------------+-------+-------+-------+-------+-------+-------+-------+-------++-------
Melee: Dagger            |    29 |   475 |   126 |       |       |       |       |       ||   630
       Tailslap          |     4 |    82 |    26 |    61 |   144 |   145 |   210 |    13 ||   685
       Scimitar          |       |       |    33 |   234 |       |       |       |       ||   267
       Demon trident     |       |       |       |   390 |  1844 |  1518 |  2237 |    71 ||  6060
       Lajatang          |       |       |       |    36 |       |       |       |       ||    36
       Headbutt          |       |       |       |       |    46 |   178 |   253 |    11 ||   488
 Cast: Magic Dart        |    73 |   174 |   339 |   145 |    50 |    35 |    32 |       ||   848
       Dazzling Spray    |     1 |     9 |    87 |   160 |   129 |    78 |    28 |     1 ||   493
       Iskenderun's Myst |       |       |    23 |    61 |    47 |    10 |       |       ||   141
       Swiftness         |       |       |     1 |     1 |     4 |     1 |     3 |       ||    10
       Conjure Flame     |       |       |       |     2 |    15 |     1 |    15 |       ||    33
       Fulminant Prism   |       |       |       |       |    32 |    20 |    11 |     1 ||    64
       Force Lance       |       |       |       |       |    19 |    19 |       |       ||    38
       Summon Lightning  |       |       |       |       |    13 |   102 |   105 |     5 ||   225
       Bolt of Fire      |       |       |       |       |       |       |    69 |     9 ||    78
       Iskenderun's Batt |       |       |       |       |       |       |     9 |       ||     9
       Regeneration      |       |       |       |       |       |       |     4 |     1 ||     5
Invok: Stack Five        |       |       |       |     1 |     1 |     3 |     2 |       ||     7
       Triple Draw       |       |       |       |       |       |     2 |       |       ||     2
 Abil: Draw Destruction  |       |       |     4 |    13 |     1 |    21 |     6 |     1 ||    46
       Draw Summoning    |       |       |       |     6 |    16 |    16 |    12 |     3 ||    53
       Breathe Fire      |       |       |       |     3 |     4 |     6 |    17 |     2 ||    32
       Draw Stack        |       |       |       |       |     7 |     8 |     6 |     3 ||    24
Evoke: Wand              |       |       |       |       |     1 |       |       |       ||     1
  Use: Potion            |       |     1 |     4 |     5 |     9 |     9 |     6 |     1 ||    35
       Scroll            |       |       |     9 |    11 |    21 |    13 |    24 |       ||    78
 Stab: Sleeping          |     1 |       |       |     1 |     5 |    10 |    13 |       ||    30
       Invisible         |       |       |     4 |    15 |    18 |    15 |     3 |       ||    55
       Distracted        |       |       |       |     2 |    12 |    18 |    16 |     3 ||    51
       Petrified         |       |       |       |     2 |     1 |       |       |     1 ||     4
       Paralysed         |       |       |       |       |     2 |       |       |       ||     2
  Eat: Chunk             |     3 |     9 |    20 |    33 |    28 |    19 |    60 |     2 ||   174
       Ration            |       |     1 |     4 |     5 |    11 |    12 |    11 |     1 ||    45
Armor: Skin              |    17 |    41 |   143 |   313 |   409 |   273 |   428 |    39 ||  1663
Dodge: Dodged            |    39 |    90 |   199 |   583 |   856 |   495 |   583 |    33 ||  2878
Block: Shield            |       |       |       |       |       |   192 |   968 |    76 ||  1236
       Reflection        |       |       |       |       |       |       |   144 |    14 ||   158
       Rpst.: Scimitar   |       |       |    11 |    95 |       |       |       |       ||   106
